 Dungeon Crawl Stone Soup version 0.28.0-45-g0d030f2227 (webtiles) character file.

Game seed: 15267108097118325534

86 pkoi the Gusty (level 4, -1/33 HPs)
             Began as a Demigod Air Elementalist on Apr 22, 2022.
             Slain by a gnoll
             ... wielding a +0 spear
              (4 damage)
             ... on level 3 of the Dungeon.
             The game lasted 00:03:57 (2834 turns).

pkoi the Gusty (Demigod Air Elementalist)           Turns: 2834, Time: 00:03:57

Health: -1/33      AC:  3    Str:  9    XL:     4   Next: 6%
Magic:  4/9        EV: 12    Int: 21    God:
Gold:   127        SH:  5    Dex: 14    Spells: 5/6 levels left

rFire   . . .      SeeInvis .   d - +0 hand axe
rCold   . . .      Faith    .   (no shield)
rNeg    . . .      Spirit   .   a - +0 robe
rPois   .          Reflect  +   (no helmet)
rElec   .          Harm     .   (no cloak)
rCorr   .          Rampage  .   m - +0 pair of gloves
Will    .....                   (no boots)
Stlth   ++........              j - amulet of reflection
HPRegen 0.11/turn               (no ring)
MPRegen 0.11/turn               (no ring)

@: no status effects
A: high MP 1, forlorn, divine attributes
a: no special abilities


You were on level 3 of the Dungeon.
You visited 1 branch of the dungeon, and saw 3 of its levels.

You collected 197 gold pieces.
You spent 70 gold pieces at shops.

Inventory:

Hand Weapons
 d - a +0 hand axe (weapon)
 g - a +0 short sword
Armour
 a - a +0 robe (worn)
 m - a +0 pair of gloves (worn)
Jewellery
 j - an amulet of reflection (around neck)
Scrolls
 b - 3 scrolls of teleportation
 f - a scroll of summoning {unknown}
 h - a scroll of fear {unknown}
Potions
 c - a potion of flight {unknown}
 e - 3 potions of heal wounds {unknown}
 i - a potion of lignification
 k - a potion of berserk rage {unknown}
 l - a potion of cancellation {unknown}


   Skills:
 - Level 1.7 Dodging
 - Level 1.7 Stealth
 - Level 1.7 Spellcasting
 - Level 0.8 Conjurations
 + Level 4.7 Air Magic


You had 5 spell levels left.
You knew the following spells:

 Your Spells              Type           Power      Damage    Failure   Level
a - Shock                 Conj/Air       52%        1d6       4%          1

Your spell library contained the following spells:

 Spells                   Type           Power      Damage    Failure   Level
 Swiftness                Air            21%        N/A       7%          3
 Static Discharge         Conj/Air       13%        N/A       8%          2
 Airstrike                Air            10%        N/A       22%         4


Dungeon Overview and Level Annotations

Branches:
Dungeon (3/15)

Shops:
D:1 ?

Annotations:
D:2 Sigmund


Innate Abilities, Weirdness & Mutations

You have an increased reservoir of magic. (+10% MP)
You shall have no god before yourself.
Your divine heritage dramatically boosts your attributes as you level up.


Message History

The gnoll is moderately wounded.
The zap misses the gnoll.
The gnoll hits you from afar with a +0 spear.
* * * LOW HITPOINT WARNING * * *
The gnoll hits you with a +0 whip.
* * * LOW HITPOINT WARNING * * *
Aiming: Shock (safe; 4% risk of failure)
Press: ? - help, Q - select action Shift-Dir - straight line, f/p - gnoll
Aim: a gnoll, wielding a +0 whip (moderately wounded, 72% to hit)
The zap hits the gnoll.
The gnoll is severely wounded.
The zap hits the gnoll.
The gnoll is severely wounded.
The zap hits the gnoll.
The gnoll is lightly wounded.
The gnoll completely misses you. The gnoll closely misses you.
Aiming: Shock (safe; 4% risk of failure)
Press: ? - help, Q - select action Shift-Dir - straight line, f/p - gnoll
Aim: a gnoll, wielding a +0 whip (severely wounded, 72% to hit)
The zap hits the gnoll.
The gnoll is severely wounded.
The zap misses the gnoll.
The zap hits the gnoll.
The gnoll is heavily wounded.
The gnoll hits you from afar with a +0 spear!
* * * LOW HITPOINT WARNING * * *
The gnoll hits you with a +0 whip.
* * * LOW HITPOINT WARNING * * *
Aiming: Shock (safe; 4% risk of failure)
Press: ? - help, Q - select action Shift-Dir - straight line, f/p - gnoll
Aim: a gnoll, wielding a +0 whip (severely wounded, 72% to hit)
The zap hits the gnoll.
You kill the gnoll!
The zap hits the gnoll.
The gnoll is almost dead.
The zap hits the gnoll.
The gnoll is severely wounded.
The gnoll barely misses you.
You have reached level 4!
The gnoll hits you from afar with a +0 spear.
You die...

#.. #.#####
#.#...
######'#.#.###.#
.>.............#
.........#g#####
.......?##g#
........##)#
........##@#
........####
.........
#+#######


You could see 2 gnolls.

Vanquished Creatures
  2 gnolls
  2 adders (D:2)
  A worm (D:2)
  3 bats
  9 endoplasms
  A giant cockroach (D:2)
  6 goblins
  4 hobgoblins (D:1)
  2 quokkas (D:1)
  3 ball pythons (D:2)
  A frilled lizard (D:1)
  6 kobolds
  A rat (D:1)
41 creatures vanquished.

Vanquished Creatures (others)
  A fungus (D:3)
  3 plants (D:3)
4 creatures vanquished.

Grand Total: 45 creatures vanquished

Notes
Turn   | Place    | Note
-------+----------+-------------------------------------------
     0 | D:1      | pkoi the Demigod Air Elementalist began the quest for the
                  | Orb.
     0 | D:1      | Reached XP level 1. HP: 14/14 MP: 5/5
    45 | D:1      | Reached skill level 3 in Air Magic
   437 | D:1      | Reached XP level 2. HP: 20/20 MP: 5/7
   759 | D:1      | Found Tahe's Magic Scroll Boutique.
  1007 | D:1      | Bought a scroll of teleportation for 30 gold pieces
  1007 | D:1      | Bought a scroll of identify for 20 gold pieces
  1010 | D:1      | Bought a scroll of identify for 20 gold pieces
  1258 | D:2      | Noticed Sigmund
  1493 | D:2      | Reached skill level 4 in Air Magic
  1493 | D:2      | Reached XP level 3. HP: 26/26 MP: 4/8
  2834 | D:3      | Reached XP level 4. HP: 3/33 MP: 4/9
  2834 | D:3      | Slain by a gnoll

Illustrated notes

Levels and vault maps discovered:
D:1:      ncdulo_lavacross, layout_rooms, serial_shops, shop_coins,
          moated_statue
D:2:      layout_basic, uniq_sigmund
D:3:      layout_basic, mainiacjoe_overflow_brackets,
          dreamdust_ecumenical_altar_grove

Skill      XL: |  1  2 |
---------------+-------+-----
Air Magic      | 3 4 |  4.7
Dodging        | |  1.7
Stealth        | |  1.7
Spellcasting   | |  1.7
Conjurations   | |  0.8

Action                   |  1- 3 |  4- 6 || total
-------------------------+-------+-------++-------
Melee: Hand axe          |     8 |       ||     8
 Cast: Shock             |    95 |       ||    95
  Use: Scroll            |     3 |       ||     3
Armor: Robe              |     2 |       ||     2
Dodge: Dodged            |    17 |       ||    17
Block: Other             |     1 |       ||     1
